 Dungeon Sprint DCSS version 0.26-a0-720-g2a1d101370 (webtiles) character file.

Game seed: 8964411665225125408

880 mhtbhm the Cleaver (level 7, -7/77 HPs)
             Began as a Minotaur Berserker on Nov 3, 2020.
             Was the Champion of Trog.
             Mangled by a merfolk
             ... wielding a +0 trident
              (16 damage)
             ... in the Dungeon (Sprint VII: "The Pits").
             The game lasted 00:01:32 (897 turns).

mhtbhm the Cleaver (Minotaur Berserker)              Turns: 897, Time: 00:01:33

Health: -7/77      AC: 10    Str: 23    XL:     7   Next: 75%
Magic:  6/6        EV: 12    Int:  4    God:    Trog [******]
Gold:   0          SH:  0    Dex: 10    Spells: 6/6 levels left

rFire    . . .     SeeInvis .   a - +2 battleaxe (flame)
rCold    . . .     Faith    .   (shield currently unavailable)
rNeg     . . .     Spirit   .   b - +3 scale mail
rPois    .         Reflect  .   (helmet restricted)
rElec    .         Harm     .   (no cloak)
rCorr    .         Rampage  .   (no gloves)
MR       .....     NoTele   +   (no boots)
Stlth    ..........             (no amulet)
HPRegen  0.22/turn              (no ring)
MPRegen  0.10/turn              (no ring)

@: lethally poisoned (-7 -> -30), berserk cooldown, slowed, heavily drained,
very slow
A: retaliatory headbutt, horns 2
a: Berserk, Trog's Hand, Brothers in Arms, Renounce Religion


You were in the Dungeon.
You worshipped Trog.
Trog was exalted by your worship.
You visited 1 branch

Inventory:

Hand Weapons
 a - a +2 battleaxe of flaming (weapon)
Armour
 b - a +3 scale mail (worn)
Scrolls
 h - a scroll of blinking
 j - 3 scrolls of remove curse
 k - a scroll of summoning
Potions
 c - 6 potions of curing
 d - 6 potions of heal wounds
 e - a potion of haste
 f - 4 potions of magic
 g - 3 potions of berserk rage
 i - 2 potions of invisibility


   Skills:
 + Level 12.1(9.9) Fighting
 + Level 13.2(10.9) Axes
 + Level 7.5(5.5) Armour
 + Level 6.5(4.5) Dodging
 + Level 1.0(0.0) Stealth


You had 6 spell levels left.
You didn't know any spells.
Your spell library was empty.

Dungeon Overview and Level Annotations

Branches:
Dungeon (1/1)

Altars:

Annotations:
D Prince Ribbit, Sonja


Innate Abilities, Weirdness & Mutations

You reflexively headbutt those who attack you in melee.
You have a pair of horns on your head.


Message History

Sonja twirls her cape.
The merfolk hits you but does no damage.
Prince Ribbit hits you.
* * * LOW HITPOINT WARNING * * *
There is an open door, spattered with blood here.
You see here a +2 vorpal hand axe.
You slash Prince Ribbit! You burn Prince Ribbit.
Prince Ribbit is severely wounded.
* * * LOW HITPOINT WARNING * * *
You feel very sick.
Sonja casts a spell.
Sonja blinks!
Prince Ribbit blinks!
The merfolk barely misses you.
Unknown command.
You are no longer berserk.
You are exhausted.
You feel as though you will be slow longer.
* * * LOW HITPOINT WARNING * * *
You feel very sick.
The merfolk hits you from afar with a +0 trident!
You die...

#.#..########...<...#
#.#..'.)))[##.......#
#.#..#.)))[##.......#
#'###########.......#
#.))....#..##########
#)))#...#.######
#...#...#)#....#
#.##.##.#ยง#....#
#...#...#@FmK..+
#...#...#)#....#
#......('(#....#
################


You could see a merfolk, Prince Ribbit and Sonja.

Vanquished Creatures
  A fire bat (D)
  Menkaure (D)
  A phantom (D)
  An ogre (D)
  A centaur (D)
  2 big kobolds (D)
  A bullfrog (D)
  A gnoll sergeant (D)
  2 worker ants (D)
  2 adders (D)
  4 gnolls (D)
  An ufetubus (D)
  An ooze (D)
  3 orcs (D)
  A goblin (D)
  A hobgoblin (D)
  4 jackals (D)
  2 bats (D)
30 creatures vanquished.

Notes
Turn   | Place    | Note
-------+----------+-------------------------------------------
     0 | D        | mhtbhm the Minotaur Berserker began the quest for the Orb.
     0 | D        | Reached XP level 1. HP: 19/19 MP: 0/0
     9 | D        | Reached skill level 4 in Axes
    51 | D        | Noticed a worker ant
    53 | D        | Killed a worker ant
    53 | D        | Reached ** piety under Trog
    53 | D        | Reached skill level 5 in Fighting
    53 | D        | Reached skill level 5 in Axes
    53 | D        | Reached XP level 2. HP: 30/30 MP: 1/1
    53 | D        | Reached XP level 3. HP: 37/37 MP: 2/2
    68 | D        | Reached skill level 6 in Axes
   368 | D        | Reached *** piety under Trog
   521 | D        | Noticed a bullfrog
   521 | D        | Noticed an ogre
   521 | D        | Noticed a gnoll sergeant
   522 | D        | Noticed a centaur
   526 | D        | Killed a bullfrog
   526 | D        | Reached **** piety under Trog
   526 | D        | Reached skill level 8 in Axes
   526 | D        | Reached XP level 4. HP: 48/48 MP: 3/3
   528 | D        | Killed a gnoll sergeant
   528 | D        | Reached skill level 9 in Axes
   528 | D        | Reached XP level 5. HP: 56/56 MP: 4/4
   529 | D        | Reached ***** piety under Trog
   530 | D        | Reached skill level 5 in Armour
   532 | D        | Killed a centaur
   532 | D        | Reached skill level 10 in Axes
   532 | D        | Reached XP level 6. HP: 66/66 MP: 5/5
   534 | D        | Reached skill level 10 in Fighting
   535 | D        | Reached skill level 5 in Dodging
   536 | D        | Reached skill level 11 in Axes
   597 | D        | Reached ****** piety under Trog
   645 | D        | Noticed Menkaure
   645 | D        | Noticed a fire bat
   648 | D        | Killed a fire bat
   648 | D        | Reached skill level 12 in Axes
   648 | D        | Reached XP level 7. HP: 48/74 MP: 6/6
   655 | D        | Killed Menkaure
   655 | D        | Reached skill level 13 in Axes
   668 | D        | Received a gift from Trog
   668 | D        | Reached skill level 1 in Stealth
   885 | D        | Noticed Prince Ribbit
   885 | D        | Noticed a merfolk
   885 | D        | Noticed Sonja
   897 | D        | Mangled by a merfolk

Illustrated notes

Levels and vault maps discovered:
D:        pitsprint [storerooms_1, entrance_room_1, metal_vault_3, armoury_3,
          mini_pit_1, grid_room_1, main_hall_1, silver_pit, the_coven_3,
          the_vestibule_1, steel_vault_2, golden_pit, hallway_of_sentries,
          crystal_vault_1, iron_vault_3, final_vault]

Skill      XL: |  1  2  3  4  5  6  7 |
---------------+----------------------+-----
Fighting       | 5 7 8 9 11 12 | 12.1
Axes           | 5 8 9 10 12 13 | 13.2
Armour         | 3 4 5 6 7 |  7.5
Dodging        | 3 4 6 |  6.5
Stealth        | 1 |  1.0

Action                   |  1- 3 |  4- 6 |  7- 9 || total
-------------------------+-------+-------+-------++-------
Melee: Hand axe          |    15 |    25 |    12 ||    52
       Headbutt          |     3 |     4 |     4 ||    11
       Battleaxe         |       |       |     8 ||     8
Invok: Berserk           |     1 |       |     1 ||     2
Armor: Scale mail        |     2 |    11 |    11 ||    24
       Animal skin       |     1 |       |       ||     1
Dodge: Dodged            |    17 |     9 |    13 ||    39

Table legend: (Time is in decaauts)
 A = Elapsed time spent in this place.
 B = Non-inter-level travel time spent in this place.
 C = Inter-level travel time spent in this place.
 D = Time resting spent in this place.
 E = Time spent auto-exploring this place.
 F = Levels seen in this place.
 G = Mean time per level.
                   A        B        C        D        E       F      G
               +--------+--------+--------+--------+--------+-----+--------+
         Total |    891 |    891 |      0 |    642 |      0 |   1 |  891.0 |
       Dungeon |    891 |    891 |      0 |    642 |      0 |   1 |  891.0 |
               +--------+--------+--------+--------+--------+-----+--------+

Top non-repeatable levels by time:
       D: 891 daAuts
